 Dungeon Crawl Stone Soup version 0.28-a0-925-gd5e1996cdb (webtiles) character file.

Game seed: 1219752726096991107

974 ytrimaz the Chopper (level 8, -12/62 HPs)
             Began as a Formicid Fighter on Nov 26, 2021.
             Killed by nerve-wracking pain
             ... invoked by an orc priest
              (13 damage)
             ... on level 5 of the Dungeon.
             The game lasted 00:05:50 (4702 turns).

ytrimaz the Chopper (Formicid Fighter)              Turns: 4702, Time: 00:05:52

Health: -12/62     AC: 15    Str: 22    XL:     8   Next: 39%
Magic:  7/7        EV:  6    Int:  9    God:
Gold:   195        SH:  4    Dex: 10    Spells: 7/7 levels left

rFire   . . .      SeeInvis +   a - +0 war axe
rCold   . . .      Faith    .   c - +0 buckler
rNeg    . . .      Spirit   .   f - +0 plate armour
rPois   .          Reflect  .   (helmet unavailable)
rElec   .          Harm     .   d - +0 cloak
rCorr   .          Rampage  .   (no gloves)
Will    .....      Clarity  +   (no boots)
Stlth   ..........              n - amulet of regeneration
HPRegen 1.00/turn               (no ring)
MPRegen 0.10/turn               (no ring)

@: lethally poisoned (-12 -> -14)
A: permanent stasis, dig shafts and tunnels, antennae 3, four strong arms, fangs
1, iridescent scales 1, clarity, low mp 1
a: Dig, Shaft Self


You were on level 5 of the Dungeon.
You visited 1 branch of the dungeon, and saw 5 of its levels.

You collected 195 gold pieces.

Inventory:

Hand Weapons
 a - a +0 war axe (weapon)
Missiles
 b - 13 poisoned darts (quivered)
Armour
 c - a +0 buckler (worn)
 d - a +0 cloak (worn)
 f - a +0 plate armour (worn)
Jewellery
 h - an amulet of magic regeneration
 i - a ring of ice
 n - an amulet of regeneration (around neck)
 q - a ring of ice
Scrolls
 e - a scroll of amnesia
 k - a scroll of identify
 p - a scroll of fear
 t - a scroll of enchant weapon
 u - a scroll of blinking {unknown}
Potions
 g - a potion of degeneration {unknown}
 l - a potion of heal wounds {unknown}
 m - a potion of resistance {unknown}
 o - 2 potions of haste {unknown}
 r - a potion of might
 s - a potion of curing {unknown}


   Skills:
 + Level 5.1 Fighting
 + Level 6.3 Axes
 * Level 3.6 Throwing
 + Level 5.7 Armour
 - Level 3.6 Shields


You had 7 spell levels left.
You didn't know any spells.
Your spell library contained the following spells:

 Spells                   Type           Power      Damage    Failure   Level
 Malign Gateway           Summ/Tloc      0%         N/A       100%        7
 Summon Horrible Things   Summ           0%         N/A       100%        8


Dungeon Overview and Level Annotations

Branches:
Dungeon (5/15)             Temple (0/1) D:5

Altars:
Cheibriados
Elyvilon
Beogh

Shops:
D:4 [

Annotations:
D:3 3 runed translucent doors, geedmat's ghost, weakling PaAK


Innate Abilities, Weirdness & Mutations

You cannot be hasted, slowed, berserked, paralysed or teleported.
You can dig through walls and to a lower floor.
You have a pair of large antennae on your head. (SInv)
Your four strong arms can wield two-handed weapons with a shield.
You have very sharp teeth.
You are partially covered in iridescent scales. (AC +2)
You possess an exceptional clarity of mind.
Your magical capacity is low. (-10% MP)


Message History

You closely miss the orc. You hit the orc.
You kill the orc!
The orc hits you but does no damage. You block the water moccasin's attack.
Unknown command.
The water moccasin barely misses you.
The orc priest hits you but does no damage.
The iguana bites you but does no damage.
The orc priest hits you but does no damage.
The orc hits you but does no damage.
Unknown command.
You hit the orc priest.
The orc priest is heavily wounded.
You closely miss the orc priest. You closely miss the water moccasin.
You hit the orc but do no damage. You completely miss the iguana.
The water moccasin bites you but does no damage.
The orc priest invokes the aid of Beogh against you.
Pain shoots through your body! You block the iguana's attack.
The orc priest hits you but does no damage.
The water moccasin closely misses you. The orc hits you but does no damage.
You hit the orc priest but do no damage.
You barely miss the orc priest. You slash the iguana! You hit the orc.
You barely miss the water moccasin. The water moccasin bites you.
You are poisoned.
The water moccasin poisons you! The iguana bites you!
* * * LOW HITPOINT WARNING * * *
The orc priest barely misses you.
The orc priest hits you but does no damage.
The orc hits you with a +0 club.
* * * LOW HITPOINT WARNING * * *
The water moccasin bites you but does no damage.
* * * LOW HITPOINT WARNING * * *
You feel very sick. You block the orc's attack.
The water moccasin closely misses you.
It was a potion of cancellation.
You feel magically purged.
You feel very sick. The water moccasin bites you.
* * * LOW HITPOINT WARNING * * *
The orc priest invokes the aid of Beogh against you.
Pain shoots through your body!
You die...

...............##...########
.....#.........##...#
#.#...(.......###...##
#.####.......## ##.8.## #.#
####...## .....# { ..#
#..######8.>.8### { ..##
#................ ...#
#.......o#.8.#... ..##
#.......@ol...... .##
####.#######So.##### ##
##.##.# #..:# # #.#...#
#...# ######.#### #...# ...#
#.# #...# ##.###.# #....
#.....# #...#. #..####


You could see a water moccasin, an iguana, 2 orc priests and an orc.

Vanquished Creatures
  Eustachio (D:4)
  A sky beast (D:3)
  Duvessa (D:4)
  A centaur (D:4)
  Blork the orc (D:4)
  A scorpion (D:5)
  Dowan (D:4)
  2 orc priests
  A hound (D:4)
  An iguana (D:4)
  An orc wizard (D:3)
  A hound skeleton (D:4)
  Robin (D:4)
  6 gnolls
  A howler monkey skeleton (D:5)
  7 adders
  An adder skeleton (D:4)
  2 worms (D:2)
  A dart slug (D:3)
  6 orcs
  7 ball pythons
  7 endoplasms
  3 giant cockroaches
  9 goblins
  5 hobgoblins
  4 jackals
  9 kobolds
  2 quokkas
  4 bats
  4 frilled lizards
  A jackal skeleton (D:4)
  7 rats
100 creatures vanquished.

Notes
Turn   | Place    | Note
-------+----------+-------------------------------------------
     0 | D:1      | ytrimaz the Formicid Fighter began the quest for the Orb.
     0 | D:1      | Reached XP level 1. HP: 18/18 MP: 1/1
    34 | D:1      | Reached XP level 2. HP: 7/24 MP: 2/2
   780 | D:1      | Found a faded altar of an unknown god.
   839 | D:2      | Reached XP level 3. HP: 10/30 MP: 3/3
  1322 | D:2      | Reached XP level 4. HP: 17/37 MP: 4/4
  1330 | D:2      | Reached skill level 3 in Axes
  1330 | D:2      | Reached skill level 1 in Throwing
  2222 | D:3      | Noticed a sky beast
  2238 | D:3      | Killed a sky beast
  2239 | D:3      | Reached XP level 5. HP: 24/42 MP: 5/5
  2505 | D:3      | Reached XP level 6. HP: 48/48 MP: 6/6
  2523 | D:3      | Found a runed translucent gate.
  2523 | D:3      | Noticed geedmat's ghost (weakling PaAK)
  2525 | D:3      | Found a runed translucent gate.
  2526 | D:3      | Found a runed translucent gate.
  2527 | D:3      | Identified the +9 dagger "Newt's Death Toll" {vorpal,
                  | rElec}
  2785 | D:3      | Reached skill level 4 in Axes
  3192 | D:4      | Noticed Robin
  3213 | D:4      | Killed Robin
  3315 | D:4      | Noticed Eustachio
  3400 | D:4      | Killed Eustachio
  3401 | D:4      | Reached skill level 5 in Armour
  3401 | D:4      | Reached XP level 7. HP: 33/55 MP: 7/7
  3615 | D:4      | Noticed Blork the orc
  3627 | D:4      | Killed Blork the orc
  3628 | D:4      | Reached skill level 5 in Axes
  3752 | D:4      | Found Haymon's Dragon-Slaying Spoils.
  4091 | D:3      | Reached XP level 8. HP: 43/61 MP: 8/8
  4132 | D:4      | Noticed Dowan
  4132 | D:4      | Noticed Duvessa
  4135 | D:4      | Gained mutation: You occasionally shout uncontrollably at
                  | your foes. [potion of mutation]
  4135 | D:4      | Gained mutation: Your body sometimes deteriorates upon
                  | taking damage. [potion of mutation]
  4135 | D:4      | Gained mutation: Your spells are a little harder to cast,
                  | but a little more powerful. [potion of mutation]
  4142 | D:4      | Killed Duvessa
  4142 | D:4      | Killed Dowan
  4143 | D:4      | Reached skill level 5 in Fighting
  4143 | D:4      | Reached skill level 6 in Axes
  4146 | D:4      | Lost mutation: Your body sometimes deteriorates upon taking
                  | damage. [potion of mutation]
  4146 | D:4      | Lost mutation: Your spells are a little harder to cast, but
                  | a little more powerful. [potion of mutation]
  4146 | D:4      | Lost mutation: You occasionally shout uncontrollably at
                  | your foes. [potion of mutation]
  4146 | D:4      | Gained mutation: You have very sharp teeth. [potion of
                  | mutation]
  4146 | D:4      | Gained mutation: You possess an exceptional clarity of
                  | mind. [potion of mutation]
  4146 | D:4      | Gained mutation: Your magical capacity is low. (-10% MP)
                  | [potion of mutation]
  4146 | D:4      | Gained mutation: You are partially covered in iridescent
                  | scales. (AC +2) [potion of mutation]
  4495 | D:5      | Entered Level 5 of the Dungeon
  4525 | D:5      | Found a staircase to the Ecumenical Temple.
  4568 | D:5      | Found a snail-covered altar of Cheibriados.
  4650 | D:5      | Found a white marble altar of Elyvilon.
  4702 | D:5      | HP: 1/62 [water moccasin (4)]
  4702 | D:5      | Killed from afar by an orc priest

Illustrated notes

Levels and vault maps discovered:
D:1:      lightli_molten_gateway, layout_basic,
          dilly_ecumenical_altar_fadedgnrine
D:2:      layout_basic, minmay_vboxes
D:3:      layout_basic, biasface_ghost_orc_armoury
D:4:      layout_loops_ring, nicolae_shop_dragon_depot, grunt_ministairs_3,
          chequers_serial_rivers_micro_b, uniq_blork_the_orc, uniq_robin,
          uniq_eustachio, uniq_duvessa
D:5:      layout_loops_cross, marbit_many_paths, nicolae_overflow_crystal_walls,
          minmay_temple_entry_statues_pillars, uniq_sigmund, uniq_prince_ribbit1

Skill      XL: |  1  2  3  4  5  6  7  8 |
---------------+-------------------------+-----
Axes           | 3 4 5 6 |  6.3
Throwing       | 1 2 3 |  3.6
Fighting       | 4 5 |  5.1
Armour         | 4 5 |  5.7
Shields        | |  3.6

Action                   |  1- 3 |  4- 6 |  7- 9 || total
-------------------------+-------+-------+-------++-------
Melee: War axe           |    89 |   236 |   112 ||   437
       Bite              |       |       |     6 ||     6
  Use: Scroll            |     2 |     3 |     4 ||     9
       Potion            |       |       |     4 ||     4
Armor: Scale mail        |    10 |       |       ||    10
       Plate armour      |    65 |   232 |    89 ||   386
Dodge: Dodged            |    39 |   117 |    41 ||   197
Block: Buckler           |    19 |    81 |    40 ||   140

Table legend: (Time is in decaauts)
 A = Elapsed time spent in this place.
 B = Non-inter-level travel time spent in this place.
 C = Inter-level travel time spent in this place.
 D = Time resting spent in this place.
 E = Time spent auto-exploring this place.
 F = Levels seen in this place.
 G = Mean time per level.
                   A        B        C        D        E       F      G
               +--------+--------+--------+--------+--------+-----+--------+
         Total |   4836 |   4734 |    102 |    739 |   2914 |   5 |  967.2 |
       Dungeon |   4836 |   4734 |    102 |    739 |   2914 |   5 |  967.2 |
               +--------+--------+--------+--------+--------+-----+--------+

Top non-repeatable levels by time:
     D:3: 1373 daAuts
     D:4: 1227 daAuts
     D:2: 1210 daAuts
     D:1: 813 daAuts
     D:5: 211 daAuts
